 Dungeon Crawl Stone Soup version 0.29.1-15-g9cfb28693d (webtiles) character file.

Game seed: 6244339589181197319

31 Djinni the Grasshopper (level 3, 17/30 HPs)
             Began as a Ghoul Warper on Apr 24, 2023.
             Quit the game on level 2 of the Dungeon.
             The game lasted 00:05:07 (903 turns).

Djinni the Grasshopper (Ghoul Warper)                Turns: 903, Time: 00:05:08

Health: 17/30      AC:  5    Str: 16    XL:     3   Next: 22%
Magic:  1/5        EV: 11    Int:  8    God:
Gold:   52         SH:  0    Dex:  8    Spells: 4/6 levels left

rFire   . . .      SeeInvis .   a - +0 hand axe
rCold   + . .      Faith    .   (no shield)
rNeg    + + +      Spirit   .   b - +0 leather armour
rPois   ∞          Reflect  .   h - +0 helmet
rElec   .          Harm     .   (no cloak)
rCorr   .          Rampage  .   f - +0 pair of gloves
Will    .....                   (no boots)
Stlth   +.........              (no amulet)
HPRegen 0.00/turn               (no ring)
MPRegen 0.09/turn               (no ring)

@: on blink cooldown, very slightly contaminated, inhibited regen
A: claws 1, cold resistance 1, negative energy resistance 3, inhibited
regeneration, torment resistance 2, devour on kill
a: no special abilities


You were on level 2 of the Dungeon.
You visited 1 branch of the dungeon, and saw 2 of its levels.

You collected 52 gold pieces.

Inventory:

Hand Weapons
 a - a +0 hand axe (weapon)
Missiles
 d - 7 boomerangs of dispersal
 i - 7 boomerangs
Armour
 b - a +0 leather armour (worn)
 f - a +0 pair of gloves (worn)
 h - a +0 helmet (worn)
Scrolls
 c - a scroll of blinking
 e - a scroll of teleportation {unknown}
 j - a scroll of fear {unknown}
 k - a scroll of magic mapping {unknown}
Potions
 g - 2 potions of flight {unknown}


   Skills:
 * Level 2.5 Fighting
 + Level 1.9 Axes
 - Level 0.8 Throwing
 * Level 1.2 Armour
 * Level 2.1 Dodging
 * Level 2.0 Spellcasting
 * Level 2.9 Translocations


You had 4 spell levels left.
You knew the following spells:

 Your Spells              Type           Power      Damage    Failure   Level
a - Blink                 Tloc           10%        N/A       19%         2

Your spell library contained the following spells:

 Spells                   Type           Power      Damage    Failure   Level
 Gell's Gravitas          Tloc           5%         N/A       36%         3
 Lesser Beckoning         Tloc           5%         N/A       36%         3
 Teleport Other           Tloc           5%         N/A       36%         3
 Manifold Assault         Tloc           5%         N/A       98%         5


Dungeon Overview and Level Annotations

Branches:
Dungeon (2/15)

Altars:

Annotations:
D:2 Natasha


Innate Abilities, Weirdness & Mutations

You are immune to poison.
You have sharp fingernails.
Your flesh is cold resistant. (rC+)
You are immune to negative energy. (rN+++)
You do not regenerate when monsters are visible.
You are immune to unholy pain and torment.
You thrive by killing the living.


Message History

You barely miss the ball python skeleton.
The adder zombie bites you but does no damage.
The ball python skeleton barely misses you.
The ball python skeleton misses you.
You slash the adder zombie!
The adder zombie is almost destroyed.
You hit the ball python skeleton. The adder zombie bites you.
The ball python skeleton barely misses you.
The ball python skeleton grabs you.
The ball python skeleton constricts you.
The adder zombie bites you but does no damage.
You barely miss the adder zombie.
The adder zombie is almost destroyed.
You hit the ball python skeleton but do no damage.
The ball python skeleton bites you but does no damage.
The ball python skeleton constricts you.
The adder zombie bites you but does no damage.
You hit the adder zombie.
You destroy the adder zombie!
You hit the ball python skeleton.
You destroy the ball python skeleton!
Natasha, Servant of Life and Death comes into view.
Natasha wildly gestures.
Natasha shimmers violently.
Natasha casts a spell.
Casting: Blink (safe; 19% risk of failure)
Press: ? - help, Q - select action, (/) - cycle Dir - look around, f - activate You miscast Blink.
You are very lightly contaminated with residual magic.
Nothing appears to happen.
The crimson imp blinks!
You blink.
An adder zombie and a kobold come into view.
The kobold is wielding a +2 dagger of flaming.
Found a scroll labelled JUCECU ELLAES.
The kobold shouts!
The kobold throws a stone.
The stone hits you.
Natasha howls an incantation.
You feel disoriented.
Are you sure you want to abandon this character and quit the game? (Confirm with "yes".)

. .. .?. ....
K....
#########......
#.....5@h......
#..............
#..............
#(#..........####
#..$.P.......#
#....Z...#####
....#....#
#......##.#####
##.....##<....#


You could see Natasha, a crimson imp (summoned), an adder zombie and a kobold.

Vanquished Creatures
  An adder zombie (D:2)
  A dart slug (D:1)
  2 bats (D:1)
  2 giant cockroaches (D:1)
  5 goblins (D:1)
  2 hobgoblins (D:1)
  2 kobolds (D:1)
  2 quokkas (D:1)
  A ball python (D:1)
  A ball python skeleton (D:2)
  A ball python zombie (D:2)
  A quokka zombie (D:2)
  4 rats (D:1)
25 creatures vanquished.

Vanquished Creatures (others)
  6 fungi (D:1)
6 creatures vanquished.

Grand Total: 31 creatures vanquished

Notes
Turn   | Place    | Note
-------+----------+-------------------------------------------
     0 | D:1      | Djinni the Ghoul Warper began the quest for the Orb.
     0 | D:1      | Reached XP level 1. HP: 17/17 MP: 2/2
   164 | D:1      | Reached skill level 1 in Armour
   226 | D:1      | Reached XP level 2. HP: 23/25 MP: 3/3
   229 | D:1      | Learned a level 2 spell: Blink
   630 | D:1      | Reached XP level 3. HP: 30/30 MP: 5/5
   899 | D:2      | Noticed Natasha
   903 | D:2      | Quit the game

Illustrated notes

Levels and vault maps discovered:
D:1:      minmay_arrival_plants_in_alcoves, layout_basic,
          minmay_misc_feat_diagonals
D:2:      layout_rooms, shapermc_ecumenical_altar_rom_forum, serial_undead,
          serial_undead_b, serial_undead_b, serial_undead_b, serial_undead_d,
          serial_undead_e, serial_undead_b, basic_altar, uniq_natasha,
          uniq_terence, uniq_jessica

Skill      XL: |  1  2 |
---------------+-------+-----
Armour         | 1 |  1.2
Dodging        | 2 |  2.1
Spellcasting   | 2 |  2.0
Fighting       | |  2.5
Axes           | |  1.9
Throwing       | |  0.8
Translocations | |  2.9

Action                   || total
-------------------------++-------
Melee: Hand axe          ||   100
 Cast: Blink             ||     1
Armor: Leather armour    ||    52
Dodge: Dodged            ||    66
